 Dungeon Crawl Stone Soup version 0.27-a0-1548-gf8a67e7463 (webtiles) character file.

Game seed: 6257021745703106212

3507 Anon1729 the Archer (level 9, 0/123 HPs)
             Began as a Minotaur Hunter on July 13, 2021.
             Was a Follower of Okawaru.
             Slain by a killer bee (6 damage)
             ... on level 8 of the Dungeon.
             The game lasted 00:22:49 (9570 turns).

Anon1729 the Archer (Minotaur Hunter)               Turns: 9570, Time: 00:22:50

Health: 0/123      AC: 24    Str: 21      XL:     9   Next: 81%
Magic:  10/10      EV:  2    Int:  7 (8)  God:    Okawaru [*.....]
Gold:   380        SH:  0    Dex:  7 (10) Spells: 8/8 levels left

rFire    . . .     SeeInvis .   r - +2 dagger (venom)
rCold    . . .     Faith    .   (no shield)
rNeg     + + +     Spirit   .   (armour currently unavailable)
rPois    +         Reflect  .   (helmet currently unavailable)
rElec    .         Harm     .   (cloak currently unavailable)
rCorr    +         Rampage  .   (gloves currently unavailable)
Will     .....     NoTele   +   (boots currently unavailable)
Stlth    +.........             (no amulet)
HPRegen  0.30/turn              m - ring of resist corrosion
MPRegen  0.12/turn              o - +4 ring of evasion

@: lethally poisoned (0 -> -7), tree-form, hasted, very quick
A: stationary, stasis, torment immunity, boosted hp, (horns 2), (retaliatory
headbutt)
a: Renounce Religion, Heroism


You were on level 8 of the Dungeon.
You worshipped Okawaru.
Okawaru was aware of your devotion.
You were a tree.
You visited 2 branches of the dungeon, and saw 9 of its levels.

You collected 380 gold pieces.

Inventory:

Hand Weapons
 a - a +1 shortbow
 b - a +2 short sword of speed
 r - a +2 dagger of venom (weapon)
 w - a +4 short sword
Missiles
 d - 146 arrows
Armour
 c - a +0 leather armour
 h - a +0 chain mail (melded)
 s - a scarf of harm
Jewellery
 m - a ring of resist corrosion (left branch)
 o - a +4 ring of evasion (right branch)
Wands
 u - a wand of digging (9)
Scrolls
 e - a scroll of immolation {unknown}
 f - 2 scrolls of amnesia {unknown}
 g - 6 scrolls of teleportation {unknown}
 j - 2 scrolls of vulnerability {unknown}
 k - 2 scrolls of magic mapping {unknown}
 p - 4 scrolls of identify {unknown}
 q - a scroll of summoning {unknown}
 y - 2 scrolls of blinking {unknown}
 A - a scroll of fear {unknown}
 B - a scroll of enchant armour {unknown}
Potions
 t - a potion of degeneration
 x - a potion of lignification


   Skills:
 + Level 8.5 Fighting
 * Level 11.3 Bows
 + Level 7.9 Armour
 - Level 2.5 Dodging
 - Level 1.2 Stealth
 + Level 2.9 Invocations


You had 8 spell levels left.
You didn't know any spells.
Your spell library contained the following spells:

 Spells                   Type           Power      Damage    Failure   Level
 Static Discharge         Conj/Air       0%         N/A       56%         2
 Dispel Undead            Necr           0%         3d6       99%         4
 Sticky Flame             Conj/Fire      0%         2d3       99%         4


Dungeon Overview and Level Annotations

Branches:
Dungeon (8/15)             Temple (1/1) D:6
   Lair: D:8-11

Altars:
Ashenzari
Cheibriados
Dithmenos
Elyvilon
Fedhas
Gozag
Hepliaklqana
Kikubaaqudgha
Makhleb
Nemelex Xobeh
Okawaru
Qazlal
Sif Muna
Trog
Uskayaw
Vehumet
Wu Jian
Xom
Yredelemnul
Zin
The Shining One

Annotations:
D:8 Maggie


Innate Abilities, Weirdness & Mutations

You are a tree.
Your roots penetrate the ground, keeping you stationary.
You cannot be teleported.
You are immune to unholy pain and torment.
Your maximum health is greatly increased.
Your equipment is partially melded.
((You have a pair of horns on your head.))
((You reflexively headbutt those who attack you in melee.))


Message History

You closely miss the killer bee.
The killer bee is heavily wounded.
You feel sick. The killer bee completely misses you.
The killer bee stings you but does no damage.
You hit the killer bee.
The killer bee is poisoned.
The killer bee is severely wounded.
You feel sick. The killer bee stings you.
* * * LOW HITPOINT WARNING * * *
The killer bee stings you but does no damage.
You miss the killer bee.
The killer bee is almost dead.
You feel sick.
The killer bee stings you but does no damage.
The killer bee stings you.
* * * LOW HITPOINT WARNING * * *
You barely miss the killer bee.
The killer bee is almost dead.
You feel sick.
You kill the killer bee!
Okawaru accepts your kill. The killer bee stings you.
* * * LOW HITPOINT WARNING * * *
You are lethally poisoned!
The killer bee poisons you!
Okay, then.
Unknown command.
You feel yourself speed up.
* * * LOW HITPOINT WARNING * * *
You feel very sick. The killer bee completely misses you.
The killer bee stings you but does no damage.
You barely miss the killer bee.
* * * LOW HITPOINT WARNING * * *
You feel sick.
The killer bee stings you but does no damage. x2
You hit the killer bee.
The killer bee is lightly wounded.
* * * LOW HITPOINT WARNING * * *
You feel sick. The killer bee stings you.
You die...

###########.#
#..♣y((.(.(.#
#.###########
#.# #.# #.#
#.# #.# #<#
#.......#


You could see a killer bee.

Vanquished Creatures
  Pikel (D:6)
  2 hornets
  Grinder (D:6)
  Duvessa (D:6)
  An orc warrior (D:7)
  A sky beast (D:6)
  A black bear (D:2)
  An ice beast (D:5)
  2 necrophages
  2 centaurs
  2 lemures
  2 ogres (D:4)
  A kobold brigand (D:5)
  A wyvern zombie (D:8)
  A bullfrog (D:6)
  A scorpion (D:6)
  Dowan (D:6)
  A water moccasin skeleton (D:5)
  10 killer bees
  A wight (D:5)
  7 hounds
  An orc priest (D:7)
  2 gnoll shamans
  A jelly (D:5)
  An iguana (D:5)
  2 orc wizards (D:4)
  A hound zombie (D:5)
  6 adders
  8 gnolls
  A shadow imp (D:5)
  4 ufetubi
  3 worms
  4 dart slugs
  11 orcs
  5 ball pythons
  7 bats
  2 endoplasms (D:2)
  2 giant cockroaches
  6 goblins
  12 hobgoblins
  4 quokkas
  3 frilled lizards
  11 kobolds
  6 rats
144 creatures vanquished.

Vanquished Creatures (others)
  5 plants (D:8)
5 creatures vanquished.

Grand Total: 149 creatures vanquished

Notes
Turn   | Place    | Note
-------+----------+-------------------------------------------
     0 | D:1      | Anon1729 the Minotaur Hunter began the quest for the Orb.
     0 | D:1      | Reached XP level 1. HP: 18/18 MP: 0/0
   292 | D:1      | Reached skill level 1 in Stealth
   334 | D:1      | Reached XP level 2. HP: 21/25 MP: 1/1
  1233 | D:2      | Reached XP level 3. HP: 25/31 MP: 2/2
  1397 | D:2      | Found Yrchycum's Weapon Shop.
  1421 | D:2      | Reached skill level 1 in Armour
  1494 | D:2      | Reached skill level 5 in Bows
  1914 | D:3      | Reached XP level 4. HP: 32/38 MP: 3/3
  2362 | D:3      | Found a faded altar of an unknown god.
  2636 | D:4      | Reached XP level 5. HP: 36/46 MP: 4/4
  2901 | D:4      | Noticed an ogre
  2908 | D:4      | Killed an ogre
  2909 | D:4      | Reached skill level 6 in Bows
  2912 | D:4      | Noticed an ogre
  2921 | D:4      | Killed an ogre
  2922 | D:4      | Reached XP level 6. HP: 23/53 MP: 5/5
  3638 | D:2      | Reached skill level 7 in Bows
  4150 | D:4      | Reached XP level 7. HP: 60/60 MP: 6/6
  4432 | D:5      | Entered Level 5 of the Dungeon
  4442 | D:5      | Reached skill level 5 in Fighting
  5099 | D:5      | Reached skill level 8 in Bows
  5553 | D:5      | Reached skill level 5 in Armour
  5596 | D:5      | Reached XP level 8. HP: 54/70 MP: 7/7
  5880 | D:6      | Noticed Pikel
  6075 | D:6      | Noticed Duvessa
  6075 | D:6      | Noticed Dowan
  6090 | D:6      | Killed Duvessa
  6330 | D:6      | Killed Dowan
  6432 | D:6      | Reached skill level 9 in Bows
  6633 | D:6      | Identified the +3 leather armour of Calculation {-Cast
                  | Rampage Dex+5}
  6739 | D:6      | Killed Pikel
  6846 | D:6      | Found a staircase to the Ecumenical Temple.
  6931 | D:6      | Noticed Grinder
  6957 | D:6      | Reached skill level 10 in Bows
  6957 | D:6      | Reached XP level 9. HP: 72/79 MP: 8/8
  6968 | D:6      | Killed Grinder
  7337 | Temple   | Entered the Ecumenical Temple
  7786 | Temple   | Became a worshipper of Warmaster Okawaru
  8244 | D:7      | Reached skill level 1 in Invocations
  8957 | D:7      | HP: 4/121 [killer bee (6)]
  8963 | D:7      | HP: 3/121 [killer bee (2)]
  9321 | D:8      | Reached skill level 11 in Bows
  9386 | D:8      | Paralysed by a hornet for 3 turns
  9389 | D:8      | Reached * piety under Okawaru
  9407 | D:8      | Noticed Maggie
  9570 | D:8      | HP: 6/123 [poisoned by a killer bee]
  9570 | D:8      | Slain by a killer bee

Illustrated notes

Levels and vault maps discovered:
D:1:      ebering_trefoil_twist, layout_basic
D:2:      layout_rooms, serial_shops, nicolae_shop_crystal
D:3:      layout_basic, dreamdust_ecumenical_altar_angels_and_demons
D:4:      layout_rooms, minmay_misc_feat_rows
D:5:      minmay_recursive_quarters, layout_basic, nrook_mini_backslash
D:6:      layout_basic, minmay_temple_entry_crystal_x,
          chequers_decorated_corner, st_stairs_14, kennysheep_potato,
          uniq_duvessa, uniq_pikel, uniq_grinder
D:7:      layout_loops_ring, minmay_misc_feat_plants
D:8:      layout_loops_ring, mainiacjoe_overflow_alcove_1, serial_bayou_pond_a,
          uniq_maggie, uniq_erica, uniq_prince_ribbit1
Temple:   compressed_dpeg_triangle_lava_temple

Skill      XL: |  1  2  3  4  5  6  7  8  9 |
---------------+----------------------------+-----
Stealth        | 1 |  1.2
Fighting       | 3 4 6 7 8 |  8.5
Armour         | 1 2 3 5 6 7 |  7.9
Bows           | 5 6 7 8 10 11 | 11.3
Invocations    | 2 |  2.9
Dodging        | |  2.5

Action                   |  1- 3 |  4- 6 |  7- 9 || total
-------------------------+-------+-------+-------++-------
Melee: Short sword       |   107 |    57 |   156 ||   320
       Headbutt          |    18 |     5 |    40 ||    63
       Dagger            |       |       |    89 ||    89
 Fire: Shortbow          |    20 |    92 |   101 ||   213
  Use: Potion            |       |       |    10 ||    10
Armor: Leather armour    |    17 |       |       ||    17
       Chain mail        |    56 |    62 |   107 ||   225
       Skin              |       |       |    50 ||    50
Dodge: Dodged            |    43 |    50 |   188 ||   281

Table legend: (Time is in decaauts)
 A = Elapsed time spent in this place.
 B = Non-inter-level travel time spent in this place.
 C = Inter-level travel time spent in this place.
 D = Time resting spent in this place.
 E = Time spent auto-exploring this place.
 F = Levels seen in this place.
 G = Mean time per level.
                   A        B        C        D        E       F      G
               +--------+--------+--------+--------+--------+-----+--------+
         Total |   9543 |   8946 |    597 |   2275 |   5186 |   9 | 1060.3 |
       Dungeon |   9085 |   8494 |    591 |   2275 |   4759 |   8 | 1135.6 |
        Temple |    457 |    452 |      5 |      0 |    427 |   1 |  457.0 |
               +--------+--------+--------+--------+--------+-----+--------+

Top non-repeatable levels by time:
     D:5: 1772 daAuts
     D:7: 1569 daAuts
     D:4: 1337 daAuts
     D:1: 1205 daAuts
     D:6: 1157 daAuts
     D:3: 1007 daAuts
     D:2: 900 daAuts
  Temple: 457 daAuts
     D:8: 136 daAuts
